 Dungeon Crawl Stone Soup version 0.31.0-32-g396128a36d (webtiles) character file.

Game seed: 13846024683026938526

74 Peloso the Trooper (level 4, 41/41 HPs)
             Began as a Minotaur Fighter on Apr 10, 2024.
             Got out of the dungeon alive.
             The game lasted 00:03:11 (1889 turns).

Peloso the Trooper (Minotaur Fighter)               Turns: 1889, Time: 00:03:11

Health: 41/41      AC: 10    Str: 27    XL:     4   Next: 9%
Magic:  3/3        EV:  9    Int:  5    God:
Gold:   77         SH:  4    Dex: 11    Spells: 3/3 levels left

rFire   . . .        a - +0 long sword
rCold   . . .        d - +0 buckler
rNeg    . . .        b - +0 scale mail
rPois   .            (helmet restricted)
rElec   .            (no cloak)
rCorr   .            c - +0 pair of gloves
SInv    +            (no boots)
Will    .....        (no amulet) Stlth
                     j - +6 ring of strength
HPRegen 0.26/turn    (no ring)
MPRegen 0.08/turn

%: no passive effects
@: no status effects
A: horns 2, retaliatory headbutt, iridescent scales 1, see invisible,
deterioration 1
a: no special abilities


You escaped.
You visited 1 branch of the dungeon, and saw 2 of its levels.

You collected 77 gold pieces.

Inventory:

Hand Weapons
 a - a +0 long sword (weapon)
Armour
 b - a +0 scale mail (worn)
 c - a +0 pair of gloves (worn)
 d - a +0 buckler (worn)
Jewellery
 j - a +6 ring of strength (left hand)
Scrolls
 f - a scroll of revelation
Potions
 g - a potion of might


   Skills:
 + Level 4.5 Fighting
 + Level 3.3 Long Blades
 + Level 4.2 Armour
 + Level 0.1 Dodging
 + Level 0.1 Stealth
 + Level 4.2 Shields


You had 3 spell levels left.
You didn't know any spells.
Your spell library was empty.

Dungeon Overview and Level Annotations

Branches:
Dungeon (2/15)

Altars:


Innate Abilities, Weirdness & Mutations

You have a pair of horns on your head.
You reflexively headbutt those who attack you in melee.
You are partially covered in iridescent scales. (AC +2)
You have supernaturally acute eyesight. (SInv)
Your body sometimes deteriorates upon taking damage.


Message History

A goblin comes into view. It is wielding a +0 dagger.
A goblin is nearby!
A goblin is nearby!
A goblin is nearby!
You hit the goblin but do no damage. The goblin barely misses you.
The goblin hits you with a +0 dagger.
You hit the goblin.
You kill the goblin!
You see here a +0 dagger.
Done exploring.
Done exploring.
Done exploring.
Done exploring.
Blink to where?
Press: ? - help, Dir - move target
As you read the scroll labelled HEUNKO SEFAWN, it crumbles to dust.
It was a scroll of blinking.
The air fills with toxic fumes!
As you read the scroll labelled HOGOURPHOOG, it crumbles to dust.
It was a scroll of poison.
You start waiting.
Done waiting.
You start waiting.
Done waiting.
You start waiting.
Done waiting.
Done exploring.
Done exploring.
It was a potion of mutation.
You feel extremely strange.
Your vision sharpens.
You feel yourself wasting away.
Iridescent scales grow over part of your body.
It was a potion of attraction.
You feel attractive to monsters.
What level of the Dungeon? (default 12, ? - help)
There is a stone staircase leading up here.
You climb upwards.
There is a stone staircase leading down here.
You feel less attractive to monsters.
There is a staircase leading out of the dungeon here.
You have escaped!

....##.#.#.# #.#.#.#
....##.#.#.# #.#.#.#
....##.#.#.# #######
#.#.#.# ....##.#.#.#
#≈≈>§≈# #.#.#.#
...###.#.#.###≈≈≈§≈#
#.#.#.####
##.....#....##≈≈≈≈≈###
#.#.#.....
####....#.....≈≈≈|..#
#.#.######
##.#.....8.....8.# #.#.#
#..........@....###.#.#
##.##.#.....8.....##.#.#
#....................#.#
#.####.##.......####.#.#
#.#......#..8..#####.#.#
#
#.#.##.#.##..........#.#
#
#.#.##)...##...#.#####.#
#
#.#.####......)#.#####.#
# ###
#.#.#########..#.#####.#
#


There were no monsters in sight!

Vanquished Creatures
  3 adders (D:2)
  A ribbon worm (D:2)
  2 dart slugs (D:2)
  2 endoplasms
  A giant cockroach (D:2)
  4 hobgoblins
  4 jackals (D:1)
  2 ball pythons (D:1)
  6 bats
  2 frilled lizards
  6 goblins
  4 kobolds
  3 rats
40 creatures vanquished.

Notes
Turn   | Place    | Note
-------+----------+-------------------------------------------
     0 | D:1      | Peloso the Minotaur Fighter began the quest for the Orb.
     0 | D:1      | Reached XP level 1. HP: 19/19 MP: 0/0
   199 | D:1      | Reached XP level 2. HP: 27/27 MP: 1/1
   957 | D:2      | Reached XP level 3. HP: 24/33 MP: 2/2
  1365 | D:2      | Reached XP level 4. HP: 41/41 MP: 3/3
  1843 | D:2      | Gained mutation: You have supernaturally acute eyesight.
                  | (SInv) [potion of mutation]
  1843 | D:2      | Gained mutation: Your body sometimes deteriorates upon
                  | taking damage. [potion of mutation]
  1843 | D:2      | Gained mutation: You are partially covered in iridescent
                  | scales. (AC +2) [potion of mutation]
  1889 | D:$      | Got out of the dungeon alive.

Illustrated notes

Levels and vault maps discovered:
D:1:      grunt_arrival_lava_bath, layout_basic
D:2:      layout_basic

Skill      XL: |  1  2  3 |
---------------+----------+-----
Fighting       | 4 |  4.5
Shields        | 4 |  4.2
Armour         | 4 |  4.2
Long Blades    | 3 |  3.3
Dodging        | |  0.1
Stealth        | |  0.1

Action                     |  1- 3 |  4- 6 || total
---------------------------+-------+-------++-------
  Melee: Long sword        |    91 |     8 ||    99
         Headbutt          |     8 |     1 ||     9
    Use: Potion            |     4 |     2 ||     6
         Scroll            |     3 |     2 ||     5
 Armour: Scale mail        |    70 |     6 ||    76
  Dodge: Dodged            |    39 |     4 ||    43
  Block: Buckler           |    24 |     1 ||    25
